 Dungeon Crawl Stone Soup version 0.21.1-1-g345015fe64 (webtiles) character file.

17 Loge the Grave Robber (level 2, -5/20 HPs)
             Began as a Mummy Necromancer on July 16, 2018.
             Killed from afar by an orc wizard (6 damage)
             ... with a magic dart
             ... on level 2 of the Dungeon.
             The game lasted 00:04:28 (1619 turns).

Loge the Grave Robber (Mummy Necromancer)           Turns: 1619, Time: 00:04:29

Health: -5/20      AC:  2    Str: 11    XL:     2   Next: 44%
Magic:  0/6        EV: 12    Int: 14    God:
Gold:   29         SH:  0    Dex: 12    Spells: 5/7 levels left

rFire    x . .     SeeInvis .   n - -3 hand axe (curse)
rCold    + . .     Gourm    .   (no shield)
rNeg     + + +     Faith    .   a - +0 robe
rPois    ∞         Spirit   .   (no helmet)
rElec    .         Reflect  .   (no cloak)
rCorr    .         Harm     .   (no gloves)
MR       .....                  (no boots)
Stlth    ++........             (no amulet)
HPRegen  0.06/turn              (no ring)
MPRegen  0.10/turn              (no ring)

@: very slightly contaminated
A: no food or potions, fire vulnerability, cold resistance 1, negative energy
resistance 3, torment resistance, unbreathing
a: no special abilities


You were on level 2 of the Dungeon.
You were not hungry.

You visited 1 branch of the dungeon, and saw 2 of its levels.

You collected 29 gold pieces.

Inventory:

Hand Weapons
 c - a +0 hand axe
 f - a +0 dagger
 n - a cursed -3 hand axe (weapon)
Missiles
 d - 11 arrows
 e - 20 stones (quivered)
Armour
 a - a +0 robe (worn)
 h - a +0 shield
 m - a +0 leather armour
Jewellery
 g - an uncursed ring of see invisible {unknown}
 l - an uncursed ring of stealth {unknown}
Wands
 j - a wand of random effects (20)
Scrolls
 i - a scroll of noise {unknown}
 k - 2 scrolls of remove curse {unknown}
 o - a scroll of identify {unknown}
 p - a scroll of teleportation {unknown}
Books
 b - a book of Necromancy

   Spells                             Type                      Level
   a - Pain                           Necromancy                   1
   b - Animate Skeleton               Necromancy                   1
   c - Vampiric Draining              Necromancy                   3
   d - Regeneration                   Charms/Necromancy            3
   e - Animate Dead                   Necromancy                   4
   f - Borgnjor's Vile Clutch         Necromancy/Earth             5


   Skills:
 + Level 0.7 Fighting
 + Level 1.8 Dodging
 - Level 1.5 Stealth
 + Level 3.0 Spellcasting
 * Level 4.3 Necromancy


You had 5 spell levels left.
You knew the following spells:

 Your Spells              Type           Power        Failure   Level  Hunger
a - Pain                  Necr           ##..         3%          1    N/A
b - Animate Skeleton      Necr           N/A          3%          1    N/A

Dungeon Overview and Level Annotations

Branches:
Dungeon (2/15)

Altars:

Annotations:
D:1 exclusion: downstairs


Innate Abilities, Weirdness & Mutations

You do not eat or drink.
Your flesh is vulnerable to fire.
You are immune to poison.
Your flesh is cold resistant. (rC+)
You are immune to negative energy. (rN+++)
You are immune to unholy pain and torment.
You can survive without breathing.


Message History

Casting: Pain
Confirm with . or Enter, or press ? or * to list all spells.
Aiming: Pain
Press: ? - help, Shift-Dir - straight line, f/p - orc wizard
Aim: an orc wizard, wielding a dagger and wearing a robe (moderately wounded, fast, chance to defeat MR: 72%)
You miscast Pain.
You are very lightly contaminated with residual magic.
Pain shoots through your body. The orc wizard casts a spell at you.
The magic dart hits you! The orc wizard misses you.
The orc wizard barely misses you.
The orc wizard points at you and mumbles some strange words.
The puff of flame hits you! The fire burns you terribly!
* * * LOW HITPOINT WARNING * * *
The orc wizard hits you with a dagger.
* * * LOW HITPOINT WARNING * * *
The orc wizard points at you and mumbles some strange words.
The magic dart hits you!
You die...

#..<..#.........##.#.###...).....
.#...##.........##........)......
#...###.........##.#.###.........
##.## #...............######...#.
##.############.......# ..#
........# ##.o#.#.# .# ...##.#.#
#.###..# # ...##.#.# #o.#.#.##
......#.########@#......
..##..................##.
..###.#.####.##.#...### ........#
#.##.....# ######### #.####..##
#.# ..# #.. .... ### ####. #


You could see an orc wizard and an orc.

Vanquished Creatures
  An orc (D:2)
  4 giant cockroaches
  2 goblins
  A hobgoblin (D:1)
  3 kobolds (D:1)
  A bat (D:1)
  2 frilled lizards (D:1)
  A rat (D:2)
15 creatures vanquished.

Notes
Turn   | Place    | Note
-------+----------+-------------------------------------------
     0 | D:1      | Loge the Mummy Necromancer began the quest for the Orb.
     0 | D:1      | Reached XP level 1. HP: 13/13 MP: 4/4
     2 | D:1      | Learned a level 1 spell: Animate Skeleton
   499 | D:1      | Reached XP level 2. HP: 20/20 MP: 2/5
  1617 | D:2      | HP: 1/20 [orc wizard/dagger (4)]
  1619 | D:2      | Killed from afar by an orc wizard

Skill      XL: |  1  2 |
---------------+-------+-----
Spellcasting   | 3 |  3.0
Fighting       | |  0.7
Dodging        | |  1.8
Stealth        | |  1.5
Necromancy     | |  4.3

Action                   || total
-------------------------++-------
Melee: Hand axe          ||     6
       Dagger            ||     4
 Cast: Pain              ||    37
       Animate Skeleton  ||     5
Armor: Robe              ||     1
Dodge: Dodged            ||     8
